 Dungeon Crawl Stone Soup version 0.31-a0-246-g8cbcc1cb85 (webtiles) character file.

Game seed: 8115435901078945285

61 qw the Shooter (level 4, 0/26 HPs)
             Began as a Gargoyle Hexslinger on July 12, 2023.
             Killed by divine providence
             ... invoked by an orc priest
              (13 damage)
             ... on level 2 of the Dungeon.
             The game lasted 00:00:37 (1566 turns).

qw the Shooter (Gargoyle Hexslinger)                Turns: 1566, Time: 00:00:37

Health: 0/26       AC:  7    Str: 11    XL:     4   Next: 7%
Magic:  5/5        EV: 11    Int: 14    God:
Gold:   77         SH:  0    Dex: 14    Spells: 4/5 levels left

rFire   . . .        i - +0 orcbow
rCold   . . .        (shield currently unavailable)
rNeg    + . .        d - +0 leather armour
rPois   inf          (no helmet)
rElec   +            (no cloak)
rCorr   .            (no gloves)
SInv    .            b - +0 pair of boots
Will    .....        (no amulet)
Stlth   +            (no ring)
HPRegen 0.24/turn    (no ring)
MPRegen 0.09/turn

%: no passive effects
@: no status effects
A: sickness immunity, AC +3, negative energy resistance 1, electricity
resistance, torment resistance 1, petrification resistance
a: no special abilities


You were on level 2 of the Dungeon.
You visited 1 branch of the dungeon, and saw 3 of its levels.

You collected 77 gold pieces.


Innate Abilities, Weirdness & Mutations

You are immune to sickness and miasma.
Your stone body is resilient. (AC +3)
You are immune to poison.
You resist negative energy. (rN+)
You are resistant to electric shocks. (rElec)
You are resistant to unholy torment.
You are immune to petrification.


   Skills:
 - Level 2.0 Fighting
 + Level 3.9 Ranged Weapons
 - Level 1.5 Dodging
 - Level 1.0 Spellcasting
 - Level 2.6 Hexes


You had 4 spell levels left.
You knew the following spells:

 Your Spells              Type           Power      Damage    Failure   Level
a - Slow                  Hex            32%        N/A       12%         1

Your spell library contained the following spells:

 Spells                   Type           Power      Damage    Failure   Level
 Inner Flame              Hex/Fire       4%         N/A       52%         3
 Portal Projectile        Hex/Tloc       8%         N/A       52%         3
 Cause Fear               Hex            4%         N/A       75%         4

Inventory:

Hand Weapons
 i - a +0 orcbow (weapon)
Armour
 b - a +0 pair of boots (worn)
 d - a +0 leather armour (worn)
Jewellery
 g - a ring of ice
Scrolls
 a - a scroll of identify
 e - 2 scrolls of teleportation
Potions
 f - a potion of curing
 h - a potion of might {unknown}
 j - a potion of enlightenment {unknown}

Dungeon Overview and Level Annotations

Branches:
Dungeon (3/15)

Altars:
Uskayaw


Message History

Where to? (* - list waypoints, Enter - D:2, ? - help)
What level of the Dungeon? (default 1, ? - help)
There is a stone staircase leading up here.
There is a stone staircase leading down here.
You climb downwards.
The orc shouts!
The orc priest shouts!
Found a chain mail.
There is a stone staircase leading up here.
There are monsters nearby!
Waypoint 2 assigned to D:3.
You shoot an arrow. The arrow closely misses the orc.
The orc hits you but does no damage.
You shoot an arrow. The arrow barely misses the orc.
The orc hits you with a +0 hand axe.
1563 ||| STAIRDANCE The orc barely misses you.
You climb upwards.
There is a stone staircase leading down here.
Enter note:
Enter note:
Enter note:
Enter note:
Enter note:
Enter note: You shoot an arrow.
The arrow hits the orc priest!
The orc priest is heavily wounded.
The orc hits you but does no damage.
The orc priest invokes the aid of Beogh against you.
Beogh smites you!
The orc priest hits you but does no damage.
The orc closely misses you. The orc priest misses you.
The orc priest hits you with a +0 short sword.
You shoot an arrow.
The arrow hits the orc priest but does no damage.
The orc priest is heavily wounded.
The orc hits you but does no damage.
The orc priest invokes the aid of Beogh against you.
Beogh smites you!
Ouch! That really hurt!
You die...

##.## #...#
#...............##.
#...###.^.#
#.<..#.###.####.###
..#.......#####....#.# #.#
#.# #
#...####..#........#.# #.#
#.# # ##.##
#..#.###..#.#)# #.# ##.###
#.# #..#.#
#..#.#.###.###...## #.#
#..#.###..................
##.#
#..#....oo.......####>..##
...# #........@....####
##.## ####
####..###o....########.#
#..# ##.............# #..#
############### #..# #..#
#..## #..%# ##.#.#


You could see 2 orc priests and an orc.

Vanquished Creatures
  An adder (D:2)
  A worm (D:2)
  An orc (D:2)
  4 bats
  8 endoplasms
  2 giant cockroaches (D:1)
  5 goblins
  2 hobgoblins
  2 jackals (D:1)
  4 kobolds (D:1)
  3 quokkas (D:1)
  2 ball pythons
  2 frilled lizards (D:1)
  7 rats
44 creatures vanquished.

Notes
Turn   | Place    | Note
-------+----------+-------------------------------------------
     0 | D:1      | qw the Gargoyle Hexslinger began the quest for the Orb.
     0 | D:1      | Reached XP level 1. HP: 12/12 MP: 2/2
     0 | D:1      | 0 ||| qw: Version: 0.3-a-52-g30416fa
     0 | D:1      | 0 ||| qw: Game counter: 6400
     0 | D:1      | 0 ||| qw: Melee chars always use a shield: true
     0 | D:1      | 0 ||| qw: God list: Okawaru
     0 | D:1      | 0 ||| qw: Allow faded altars: false
     0 | D:1      | 0 ||| qw: Do Orc after clearing Dungeon:15 true
     0 | D:1      | 0 ||| qw: Do second Lair branch before Depths: true
     0 | D:1      | 0 ||| qw: Lair rune preference: random
     0 | D:1      | 0 ||| qw: Goals: Normal
     0 | D:1      | 0 ||| PLANNING D:1-11
    85 | D:1      | Reached XP level 2. HP: 8/16 MP: 3/3
   191 | D:1      | Reached skill level 3 in Ranged Weapons
   267 | D:1      | HP: 3/16 [kobold/+0 dagger (2)]
   270 | D:1      | HP: 1/16 [kobold/+0 dagger (1)]
   439 | D:1      | Reached XP level 3. HP: 17/21 MP: 4/4
   679 | D:1      | 679 ||| READING 2 scrolls labelled ODYOCU TICW.
   680 | D:1      | 680 ||| READING 2 scrolls labelled POZYDAGIWK.
   685 | D:1      | 685 ||| READING scroll labelled GUFIUL DOYROCINKEU.
   786 | D:1      | 786 ||| READING scroll labelled OMOQOQUIVE.
   787 | D:1      | 787 ||| DROPPING scroll of poison.
  1087 | D:2      | 1087 ||| SWAPPING to +0 orcbow.
  1089 | D:2      | Reached XP level 4. HP: 26/26 MP: 5/5
  1089 | D:2      | 1089 ||| DROPPING +1 sling.
  1121 | D:2      | Found a hide-covered altar of Uskayaw.
  1496 | D:2      | 1496 ||| UPGRADING to +0 pair of boots.
  1501 | D:2      | 1501 ||| UPGRADING to +0 leather armour.
  1511 | D:2      | 1511 ||| DROPPING +0 robe.
  1512 | D:2      | 1512 ||| READING 2 scrolls of identify.
  1512 | D:2      | 1512 ||| IDENTIFYING glowing white potion
  1563 | D:3      | 1563 ||| STAIRDANCE
  1566 | D:2      | Killed from afar by an orc priest

Levels and vault maps discovered:
D:1:      lemuel_arrival_cross, layout_basic, minmay_3d_cube
D:2:      layout_loops_ring, basic_altar
D:3:      layout_rooms, serial_shops, nicolae_shop_tiny_real_fake_doors,
          hellmonk_ecumenical_altar_crossroads, grunt_ministairs_15,
          serial_bayou_crossing, uniq_ijyb, uniq_terence

Skill      XL: |  1  2 |
---------------+-------+-----
Ranged Weapons | 3 |  3.9
Fighting       | 2 |  2.0
Dodging        | |  1.5
Spellcasting   | |  1.0
Hexes          | |  2.6

Action                     |  1- 3 |  4- 6 || total
---------------------------+-------+-------++-------
   Fire: Sling             |   138 |       ||   138
         Orcbow            |     1 |    20 ||    21
    Use: Scroll            |     4 |     1 ||     5
 Armour: Robe              |    30 |     3 ||    33
         Leather armour    |       |     4 ||     4
  Dodge: Dodged            |    46 |     7 ||    53

Table legend:
 A = Non-vault XP
 B = Vault XP
 C = Vault XP percentage of total XP
 D = Non-vault monster count
 E = Vault monster count
 F = Vault count percentage of total count
                 A         B        C        D         E       F
            +---------+---------+-------+---------+---------+-------
      Total |      83 |       5 |   5.7 |      40 |       4 |   9.1
            +---------+---------+-------+---------+---------+-------
        D:1 |      40 |       5 |  11.1 |      24 |       4 |  14.3
        D:2 |      43 |       0 |   0.0 |      16 |       0 |   0.0
            +---------+---------+-------+---------+---------+-------
